 Dungeon Crawl Stone Soup version 0.18-a0-1521-g59d19af (webtiles) character file.

25 Ijustatesigmund the Insei (level 3, -2/25 HPs)
             Began as an Octopode Transmuter on Mar 7, 2016.
             Slain by Terence
             ... wielding a +0 mace
              (7 damage)
             ... on level 2 of the Dungeon.
             The game lasted 00:02:21 (1169 turns).

Ijustatesigmund the Insei (Octopode Transmuter)     Turns: 1169, Time: 00:02:21

Health: -2/25      AC:  1    Str:  9    XL:     3   Next: 4%
Magic:  6/6        EV: 12    Int: 16    God:
Gold:   46         SH:  0    Dex: 12    Spells: 2 memorised, 3 levels left

rFire  . . .     SeeInvis .       - Unarmed
rCold  . . .     Gourm    .     (no shield)
rNeg   . . .     Faith    .     (helmet restricted)
rPois  .         Spirit   .     (no amulet)
rElec  .         Dismiss  .     g - ring of protection from magic
rCorr  .         Reflect  .     d - ring of flight
SustAt .         Harm     .     (no ring)
MR     +....                    (no ring)
Stlth  ++........               (no ring)
                                (no ring)
                                (no ring)
                                (no ring)

@: flying, somewhat resistant to hostile enchantments, unstealthy
A: almost no armour, amphibious, 8 rings, constrict 8, camouflage 1, gelatinous
body 1
a: no special abilities


You were on level 2 of the Dungeon.
You were not hungry.

You visited 1 branch of the dungeon, and saw 2 of its levels.

You collected 46 gold pieces.

Inventory:

Missiles
 a - 12 arrows
Jewellery
 d - a ring of flight (right tentacle)
 g - a ring of protection from magic (left tentacle)
Scrolls
 e - a scroll of blinking {unknown}
 h - a scroll of immolation {unknown}
 j - a scroll of noise {unknown}
Books
 b - a book of Changes

   Spells                             Type                      Level
   a - Beastly Appendage              Transmutation                1
   b - Sticks to Snakes               Transmutation                2
   c - Spider Form                    Transmutation/Poison         3
   d - Ice Form                       Ice/Transmutation            4
   e - Blade Hands                    Transmutation                5
Comestibles
 c - 2 bread rations
 f - a meat ration
 k - 3 chunks of flesh


   Skills:
 + Level 2.4 Fighting
 - Level 2.0 Dodging
 + Level 3.3 Unarmed Combat
 - Level 2.0 Spellcasting
 - Level 2.0 Transmutations


You had 3 spell levels left.
You knew the following spells:

 Your Spells              Type           Power        Failure   Level  Hunger
a - Beastly Appendage     Trmt           #.....       10%         1    #......
b - Sticks to Snakes      Trmt           #.......     14%         2    ###....


Dungeon Overview and Level Annotations

Branches:
Dungeon (2/15)

Altars:

Annotations:
D:2 Terence


Innate Abilities, Weirdness & Mutations

You cannot wear most types of armour.
You are amphibious.
You can wear up to eight rings at the same time.
You can use your tentacles to constrict eight enemies at once.
Your skin changes colour to match your surroundings (Stealth).
Your rubbery body absorbs attacks (AC +1).


Message History

You are too injured to fight recklessly!
You are too injured to fight recklessly!
Drink which item? (? for menu, Esc to quit)
It was a potion of flight.
You feel very buoyant.
You fly up into the air.
You constrict Terence, but do no damage.
The adder closely misses you.
You tentacle-slap Terence but do no damage.
Terence is heavily wounded.
You constrict Terence, but do no damage.
Terence hits you with a mace.
* * * LOW HITPOINT WARNING * * *
The adder bites you.
* * * LOW HITPOINT WARNING * * *
You barely miss Terence.
Terence is heavily wounded.
You constrict Terence, but do no damage.
The adder misses you. Terence hits you with a mace!
You die...

####..........###
#..........[..
#............#
#..........#
######.##### #.#
#.# ###.#####.#
#..@.......
#.@S.......
#..........
#..........
..........#
...........#
..#.........#
#..#.........#


You could see Terence and an adder.

Vanquished Creatures
  2 dart slugs
  4 bats
  3 goblins (D:1)
  2 hobgoblins
  3 giant newts (D:1)
  3 kobolds (D:1)
  5 rats
22 creatures vanquished.

Notes
Turn   | Place    | Note
--------------------------------------------------------------
     0 | D:1      | Ijustatesigmund the Octopode Transmuter began the quest for the Orb.
     0 | D:1      | Reached XP level 1. HP: 13/13 MP: 3/3
   180 | D:1      | Reached XP level 2. HP: 2/19 MP: 5/5
   485 | D:1      | Learned a level 2 spell: Sticks to Snakes
  1134 | D:2      | Reached XP level 3. HP: 21/25 MP: 6/6
  1158 | D:2      | Noticed Terence
  1169 | D:2      | Slain by Terence

Vault maps used:
D:1:      lightli_arrival_isolated_outpost, minmay_door_square
D:2:      marbit_many_paths, first_bread, minmay_misc_feat_rugged, uniq_sigmund,
          uniq_jessica, uniq_terence

Skill      XL: |  1 |
---------------+----+-----
Fighting       | 2 |  2.4
Dodging        | |  2.0
Unarmed Combat | |  3.3
Spellcasting   | |  2.0
Transmutations | |  2.0

Action                   || total
-------------------------++-------
Melee: Unarmed           ||    45
 Cast: Beastly Appendage ||     1
  Use: Scroll            ||     2
       Potion            ||     2
 Stab: Sleeping          ||     4
  Eat: Chunk             ||     1
